 Dungeon Crawl Stone Soup version bcrawl-1.36 (webtiles) character file.

Game seed: 9940677377286100580

270970 Morbidden the Sneak (level 7, 0/40 HPs)
             Began as a Vine Stalker Archaeologist on Apr 30, 2022.
             Killed from afar by an orc wizard (7 damage)
             ... with a magic dart
             ... on level 4 of the Dungeon.
             The game lasted 00:02:54 (2174 turns).

Morbidden the Sneak (Vine Stalker Archaeologist)    Turns: 2174, Time: 00:02:54

Health: 0/40       AC: 14    Str: 17    XL:     7   Next: 6%
Magic:  8/8        EV: 13    Int: 16    God:
Gold:   125        SH:  0    Dex: 13    Spells: 6/6 levels left

rFire    . . .     SeeInvis .   a - +0 whip (elec)
rCold    . . .     Gourm    .   (no shield)
rNeg     . . .     Faith    .   h - +9 ring mail of Gyogua {*Corrode Regen+ Str+4}
rPois    .         Spirit   .   d - +1 hat
rElec    .         Reflect  .   (no cloak)
rCorr    .                      q - +0 pair of gloves
MR       .....                  j - +1 pair of boots
Stlth    +++.......             (no amulet)
HPRegen  0.93/turn              (no ring)
MPRegen  0.11/turn              (no ring)

@: corroded
A: fangs 3, regeneration 1, no potion heal 3, rot immunity, strong jaws
a: no special abilities


You were on level 4 of the Dungeon.
You were hungry.

You visited 1 branch of the dungeon, and saw 4 of its levels.

You collected 125 gold pieces.

Inventory:

Hand Weapons
 a - a +0 whip of electrocution (weapon)
 b - a +0 blowgun
 t - a +2 flail of holy wrath
Missiles
 f - 6 curare-tipped needles
Armour
 d - a +1 hat (worn)
 h - the +9 ring mail of Gyogua (worn) {*Corrode Regen+ Str+4}
   (You acquired it on level 3 of the Dungeon)

   It affects your strength (+4).
   It increases your rate of regeneration.
   It may corrode you when you take damage.
 j - a +1 pair of boots (worn)
 q - a +0 pair of gloves (worn)
Scrolls
 g - a scroll of magic mapping
 i - 5 scrolls of identify
 l - a scroll of teleportation {unknown}
 m - 2 scrolls of remove curse {unknown}
 n - a scroll of amnesia {unknown}
 o - a scroll of enchant armour {unknown}
Potions
 k - a potion of curing {unknown}
 p - 5 potions of haste {unknown}
 r - 2 potions of mutation {unknown}
 s - a potion of magic {unknown}
Comestibles
 c - 4 chunks of flesh
 e - 3 rations {!d}


   Skills:
 + Level 2.0 Fighting
 + Level 3.9 Maces & Flails
 + Level 1.1 Armour
 + Level 5.2 Dodging
 + Level 6.2 Stealth


You had 6 spell levels left.
You didn't know any spells.
Your spell library was empty.

Dungeon Overview and Level Annotations

Branches:
Dungeon (4/12)
 Temple: D:4-7

Altars:

Annotations:
D:2 Sigmund


Innate Abilities, Weirdness & Mutations

You have razor-sharp teeth.
Your natural rate of healing is unusually fast.
Potions cannot restore your health.
You are immune to rotting.
Your bites deal extra damage.


Message History

You hit the orc priest.
Lightning courses through the orc priest!
You kill the orc priest!
The orc wizard barely misses you. x2
You have reached level 7!
No path to travel!
The gnoll misses you.
Things that are here:
a +0 trident; an orc corpse No path to travel!
The orc wizard points at you and mumbles some strange words.
The magic dart hits you.
* * * LOW HITPOINT WARNING * * *
You see here an orc corpse.
No path to travel!
You barely miss the orc wizard. Your bite misses the orc wizard.
The orc wizard is almost dead.
The orc wizard casts a spell at you. The magic dart hits you!
You die...

#.####.# #######.####.#
####### #..........#.#
#.....# #.#####.##.#.#
#.....####)# #.##.#.#
+.....'.).># #.##.#.#
.........#.....#.####
#.##.#.##
.........#.....#.#
#.##.#.#<
.........#.....#@#
#.##.#.#.
.........#######o#
#.##.#.#.
.........#######g######
#......#.
.................)....#
####.....
....).................#
#.....###
.......[..............#
#.###.#
.......รทรท............)#
#.#...#
......................#
#.#.###
......................#
#.#...#


You could see an orc wizard and a gnoll.

Vanquished Creatures
  A bullfrog (D:3)
  An orc priest (D:4)
  A bullfrog zombie (D:4)
  A hound (D:3)
  2 centaur skeletons (D:4)
  2 orc wizards (D:4)
  8 adders
  3 gnolls (D:4)
  A howler monkey skeleton (D:4)
  2 oozes
  2 worms
  A dart slug (D:2)
  2 leopard geckos
  4 orcs
  5 hobgoblins
  2 jackals (D:1)
  A quokka (D:4)
  2 ball pythons
  5 bats
  6 frilled lizards
  6 goblins
  A jackal zombie (D:3)
  4 kobolds
  3 rats (D:1)
66 creatures vanquished.

Notes
Turn   | Place    | Note
-------+----------+-------------------------------------------
     0 | D:1      | Morbidden the Vine Stalker Archaeologist began the quest
                  | for the Orb.
     0 | D:1      | Reached XP level 1. HP: 11/11 MP: 2/2
   162 | D:1      | Reached XP level 2. HP: 11/16 MP: 3/3
   225 | D:1      | Reached skill level 1 in Maces & Flails
   513 | D:1      | Reached skill level 5 in Stealth
   513 | D:1      | Reached XP level 3. HP: 20/20 MP: 4/4
   964 | D:2      | Reached skill level 1 in Fighting
  1092 | D:2      | Noticed Sigmund
  1197 | D:2      | Reached XP level 4. HP: 25/25 MP: 5/5
  1372 | D:3      | Noticed a bullfrog
  1377 | D:3      | Killed a bullfrog
  1378 | D:3      | Reached XP level 5. HP: 4/29 MP: 6/6
  1378 | D:3      | Identified a scroll of acquirement
  1382 | D:3      | Identified the +9 ring mail of Gyogua {*Corrode Regen+
                  | Str+4} (You acquired it on level 3 of the Dungeon)
  1382 | D:3      | Identified the ring "Xalol" {rPois rC- rCorr MP+9 Int+6
                  | Stlth+} (You acquired it on level 3 of the Dungeon)
  1996 | D:4      | Gained mutation: You have razor-sharp teeth. [Vine Stalker
                  | growth]
  1996 | D:4      | Reached XP level 6. HP: 34/34 MP: 7/7
  2002 | D:4      | Reached skill level 6 in Stealth
  2081 | D:4      | Reached skill level 5 in Dodging
  2165 | D:4      | Reached skill level 1 in Armour
  2172 | D:4      | Reached XP level 7. HP: 6/40 MP: 8/8
  2174 | D:4      | Killed from afar by an orc wizard

Skill      XL: |  1  2  3  4  5  6 |
---------------+-------------------+-----
Maces & Flails | 1 2 3 |  3.9
Dodging        | 4 5 |  5.2
Stealth        | 5 6 |  6.2
Fighting       | 1 2 |  2.0
Armour         | 1 |  1.1

Action                   |  1- 3 |  4- 6 |  7- 9 || total
-------------------------+-------+-------+-------++-------
Melee: Whip              |   113 |   141 |     1 ||   255
       Bite              |     6 |    13 |       ||    19
  Use: Scroll            |       |     1 |       ||     1
 Stab: Sleeping          |     5 |     4 |       ||     9
  Eat: Chunk             |     5 |     6 |       ||    11
Armor: Robe              |    39 |     2 |       ||    41
       Ring mail         |       |    75 |       ||    75
Dodge: Dodged            |    90 |   152 |     1 ||   243
